 Dungeon Crawl Stone Soup version 0.28-a0-8-g6e044cfa68 (webtiles) character file.

Game seed: 10289910673818999694

79 angelsbits the Skirmisher (level 4, -5/29 HPs)
             Began as a Gargoyle Berserker on July 23, 2021.
             Was a Believer of Trog.
             Slain by an ice beast (13 damage)
             ... on level 3 of the Dungeon.
             The game lasted 00:05:49 (3127 turns).

angelsbits the Skirmisher (Gargoyle Berserker)      Turns: 3127, Time: 00:05:50

Health: -5/29      AC:  8    Str: 22    XL:     4   Next: 38%
Magic:  4/4        EV: 11    Int:  7    God:    Trog [**....]
Gold:   36         SH:  0    Dex:  9    Spells: 3/3 levels left

rFire   + . .      SeeInvis +   n - +0 great mace
rCold   x . .      Faith    .   (shield currently unavailable)
rNeg    + . .      Spirit   .   p - +0 leather armour
rPois   ∞          Reflect  .   (no helmet)
rElec   +          Harm     .   (no cloak)
rCorr   .          Rampage  .   d - +0 pair of gloves
Will    .....                   (no boots)
Stlth   +.........              (no amulet)
HPRegen 0.09/turn               e - ring of fire
MPRegen 0.09/turn               j - ring of see invisible

@: no status effects
A: sickness immunity, AC +3, negative energy resistance 1, electricity
resistance, torment resistance 1, petrification resistance
a: Renounce Religion, Berserk, Trog's Hand


You were on level 3 of the Dungeon.
You worshipped Trog.
Trog was pleased with you.
You visited 1 branch of the dungeon, and saw 3 of its levels.

You collected 36 gold pieces.

Inventory:

Hand Weapons
 a - a +0 hand axe
 n - a +0 great mace (weapon)
Missiles
 c - 33 arrows
 h - 48 stones (quivered)
Armour
 b - a +0 animal skin
 d - a +0 pair of gloves (worn)
 p - a +0 leather armour (worn)
Jewellery
 e - a ring of fire (left hand)
 j - a ring of see invisible (right hand)
Scrolls
 g - 2 scrolls of amnesia {unknown}
 l - a scroll of holy word {unknown}
 m - a scroll of teleportation {unknown}
 o - a scroll of identify {unknown}
Potions
 f - a potion of curing {unknown}
 i - a potion of brilliance {unknown}
 k - 2 potions of invisibility {unknown}


   Skills:
 + Level 3.9 Fighting
 + Level 3.7 Axes
 + Level 2.5 Armour
 + Level 2.0 Dodging
 + Level 0.7 Stealth


You had 3 spell levels left.
You didn't know any spells.
Your spell library contained the following spells:

 Spells                   Type           Power      Damage    Failure   Level
 Fireball                 Conj/Fire      0%         3d3       100%        5
 Starburst                Conj/Fire      0%         8x6d3     100%        6
 Ignition                 Fire           0%         3d3       100%        8


Dungeon Overview and Level Annotations

Branches:
Dungeon (3/15)

Altars:
Nemelex Xobeh
Uskayaw

Shops:
D:1 *==


Innate Abilities, Weirdness & Mutations

You are immune to sickness and miasma.
Your stone body is resilient. (AC +3)
You are immune to poison.
You resist negative energy. (rN+)
You are resistant to electric shocks. (rElec)
You are resistant to unholy torment.
You are immune to petrification.


Message History

The goblin hits you but does no damage.
You see here a hobgoblin corpse.
You barely miss the goblin. The goblin barely misses you.
You hit the goblin but do no damage.
The goblin hits you but does no damage. x2
You hit the goblin.
You kill the goblin!
Trog accepts your kill.
Things that are here:
a +0 club; a goblin corpse You see here a hobgoblin corpse.
Done exploring.
Done exploring.
Done exploring.
There is an open door here.
There is an open door here.
There is an open door here.
You see here a +0 dagger.
There is an open door here.
You see here a +0 club.
There is a stone staircase leading up here.
There is an open door here.
There is an open door here.
There is an open door here.
There is an open door here.
There is a stone staircase leading up here.
There is a stone staircase leading down here.
You climb downwards.
There is a stone staircase leading up here.
An ice beast comes into view.
Found a whip.
The ice beast hits you but does no damage.
Found 2 gold pieces.
You barely miss the ice beast. The ice beast hits you.
The ice beast freezes you!
You feel a terrible chill!
Ouch! That really hurt!
You closely miss the ice beast. The ice beast closely misses you.
The ice beast hits you.
* * * LOW HITPOINT WARNING * * *
The ice beast freezes you!
You feel a terrible chill!
You die...

..$# ..). #
#..# #.#..#
.#..# ...
#Y# #@# #.#
#.##########
#.....<....#
##########.#


You could see an ice beast.

Vanquished Creatures
  3 adders (D:2)
  A worm (D:2)
  4 endoplasms
  3 giant cockroaches
  3 goblins
  7 hobgoblins
  2 jackals (D:1)
  3 kobolds
  5 quokkas
  2 ball pythons
  3 bats (D:2)
  5 frilled lizards
  5 rats
46 creatures vanquished.

Notes
Turn   | Place    | Note
-------+----------+-------------------------------------------
     0 | D:1      | angelsbits the Gargoyle Berserker began the quest for the
                  | Orb.
     0 | D:1      | Reached XP level 1. HP: 14/14 MP: 1/1
   269 | D:1      | Reached XP level 2. HP: 16/19 MP: 2/2
   663 | D:1      | Found a hide-covered altar of Uskayaw.
   720 | D:1      | Found Zixtev's Assorted Antiques.
   851 | D:1      | Found Rofeixte's Jewellery Boutique.
   876 | D:1      | Found Turrick's Jewellery Emporium.
   991 | D:1      | Reached ** piety under Trog
  1060 | D:1      | Reached XP level 3. HP: 24/24 MP: 3/3
  1253 | D:2      | Found a sparkling altar of Nemelex Xobeh.
  2093 | D:2      | Reached XP level 4. HP: 29/29 MP: 4/4
  3122 | D:3      | Noticed an ice beast
  3127 | D:3      | Slain by an ice beast

Illustrated notes

Levels and vault maps discovered:
D:1:      sevenhm_arrival_forest_fort_small_6, layout_basic, serial_shops, shop,
          shop_fountains, shop
D:2:      kb_forest_paths, layout_loops_corners, basic_altar
D:3:      layout_loops_ring, gammafunk_ghost_stat_death,
          minmay_increasing_density, uniq_terence, uniq_ijyb

Skill      XL: |  1  2  3 |
---------------+----------+-----
Axes           | 3 |  3.7
Dodging        | 2 |  2.0
Fighting       | |  3.9
Armour         | |  2.5
Stealth        | |  0.7

Action                   |  1- 3 |  4- 6 || total
-------------------------+-------+-------++-------
Melee: Hand axe          |   112 |    24 ||   136
       Great mace        |       |     8 ||     8
Armor: Animal skin       |    56 |     6 ||    62
       Leather armour    |       |     6 ||     6
Dodge: Dodged            |    82 |    12 ||    94

Table legend: (Time is in decaauts)
 A = Elapsed time spent in this place.
 B = Non-inter-level travel time spent in this place.
 C = Inter-level travel time spent in this place.
 D = Time resting spent in this place.
 E = Time spent auto-exploring this place.
 F = Levels seen in this place.
 G = Mean time per level.
                   A        B        C        D        E       F      G
               +--------+--------+--------+--------+--------+-----+--------+
         Total |   3148 |   2764 |    384 |    800 |   1609 |   3 | 1049.3 |
       Dungeon |   3148 |   2764 |    384 |    800 |   1609 |   3 | 1049.3 |
               +--------+--------+--------+--------+--------+-----+--------+

Top non-repeatable levels by time:
     D:2: 1875 daAuts
     D:1: 1263 daAuts
     D:3: 9 daAuts
